 Dungeon Crawl Stone Soup version 0.21.1-1-g345015f (webtiles) character file.

241 eccles the Slasher (level 5, -5/48 HPs)
             Began as a Minotaur Berserker on May 16, 2018.
             Was a Priest of Trog.
             Slain by an ogre
             ... wielding a cursed -2 giant spiked club
              (24 damage)
             ... on level 4 of the Dungeon on May 17, 2018.
             The game lasted 00:15:24 (2301 turns).

eccles the Slasher (Minotaur Berserker)             Turns: 2301, Time: 00:15:25

Health: -5/48      AC:  7    Str: 22    XL:     5   Next: 80%
Magic:  4/4        EV: 12    Int:  4    God:    Trog [***...]
Gold:   290        SH:  0    Dex: 10    Spells: 4/4 levels left

rFire    . . .     SeeInvis .   a - +1 falchion
rCold    . . .     Gourm    .   (no shield)
rNeg     . . .     Faith    .   e - +1 ring mail
rPois    .         Spirit   .   (helmet restricted)
rElec    .         Reflect  .   (no cloak)
rCorr    .         Harm     .   n - +0 pair of gloves
MR       .....                  (no boots)
Stlth    ..........             (no amulet)
HPRegen  0.16/turn              (no ring)
MPRegen  0.09/turn              (no ring)

@: no status effects
A: retaliatory headbutt, horns 2
a: Berserk, Trog's Hand, Burn Spellbooks, Renounce Religion


You were on level 4 of the Dungeon.
You worshipped Trog.
Trog was most pleased with you.
You were hungry.

You visited 1 branch of the dungeon, and saw 4 of its levels.

You collected 290 gold pieces.

Inventory:

Hand Weapons
 a - a +1 falchion (weapon)
Missiles
 h - 64 bolts
Armour
 b - a +0 animal skin
 e - a +1 ring mail (worn)
 g - a +0 ring mail
 n - a +0 pair of gloves (worn)
Jewellery
 j - an uncursed amulet of faith
 p - a cursed ring of teleportation {unknown}
Scrolls
 i - 6 scrolls of identify
 l - a scroll of remove curse
 m - a scroll of teleportation {unknown}
 q - a scroll of enchant armour
 r - a scroll of enchant weapon
 s - 3 scrolls of amnesia {unknown}
 t - a scroll of magic mapping
Potions
 d - a potion of magic
 f - 2 potions of agility {unknown}
 k - a potion of lignification {unknown}
 o - 2 potions of curing
Comestibles
 c - 4 rations
 u - 8 chunks of flesh


   Skills:
 + Level 5.0 Fighting
 + Level 5.8 Long Blades
 + Level 3.6 Armour
 + Level 3.3 Dodging


You had 4 spell levels left.
You didn't know any spells.

Dungeon Overview and Level Annotations

Branches:
Dungeon (4/15)
 Temple: D:4-7

Altars:
Cheibriados
Fedhas
Sif Muna
Vehumet

Shops:
D:4 (


Innate Abilities, Weirdness & Mutations

You reflexively headbutt those who attack you in melee.
You have a pair of horns on your head.


Message History

The jackal bites you but does no damage.
You see here 3 scrolls of identify.
You barely miss the jackal. You headbutt the jackal.
The jackal is heavily wounded.
The jackal closely misses you. You furiously retaliate!
You headbutt the jackal. You slash the jackal!
You kill the jackal!
Trog accepts your kill.
You hit the jackal.
You kill the jackal!
Trog accepts your kill.
You slash the ogre! Your headbutt misses the ogre.
The ogre is heavily wounded.
The ogre hits you with a giant spiked club.
You slash the ogre! You headbutt the ogre.
The ogre is almost dead.
The ogre hits you with a giant spiked club!!
Ouch! That really hurt!
You die...

#........'...#
#...[....###.#
#........# #.#
#........# #.##########
#........# #.#.......†.
#........# #.#.########
#........# #.#.........
#........###.########..
####>O@............##..
#.#######.#####.##..
...# #.#####.....
...... ........(...
.....#♣ ......###....
....O ...... #....
..... ...#.## #....
....#.# #..<. #....


You could see an ogre.

Vanquished Creatures
  A scorpion (D:4)
  2 orc priests (D:3)
  A worker ant zombie (D:3)
  4 adders
  A worm (D:3)
  4 leopard geckos
  13 orcs
  10 bats
  A giant cockroach (D:1)
  5 goblins
  3 hobgoblins
  2 jackals (D:4)
  A quokka (D:2)
  2 ball pythons
  7 frilled lizards
  A jackal skeleton (D:4)
  A jackal zombie (D:3)
  7 kobolds
  2 quokka skeletons
  4 rats
72 creatures vanquished.

Notes
Turn   | Place    | Note
-------+----------+-------------------------------------------
     0 | D:1      | eccles the Minotaur Berserker began the quest for the Orb.
     0 | D:1      | Reached XP level 1. HP: 19/19 MP: 0/0
   329 | D:1      | Reached XP level 2. HP: 18/27 MP: 1/1
   942 | D:2      | Reached XP level 3. HP: 26/33 MP: 2/2
   945 | D:2      | Found a snail-covered altar of Cheibriados.
   954 | D:2      | Found a blossoming altar of Fedhas.
   965 | D:2      | Found a deep blue altar of Sif Muna.
  1067 | D:2      | Reached ** piety under Trog
  1160 | D:2      | Found a radiant altar of Vehumet.
  1360 | D:3      | Reached XP level 4. HP: 33/41 MP: 3/3
  1367 | D:3      | Reached skill level 5 in Long Blades
  1722 | D:3      | Reached XP level 5. HP: 30/47 MP: 4/4
  1865 | D:3      | Reached *** piety under Trog
  2138 | D:4      | Found Zoil Jel's Weapon Shoppe.
  2234 | D:4      | Reached skill level 5 in Fighting
  2294 | D:4      | Noticed an ogre
  2301 | D:4      | Slain by an ogre

Skill      XL: |  1  2  3  4  5 |
---------------+----------------+-----
Long Blades    | 4 5 |  5.8
Fighting       | 4 5 |  5.0
Armour         | 3 |  3.6
Dodging        | 3 |  3.3

Action                   |  1- 3 |  4- 6 || total
-------------------------+-------+-------++-------
Melee: Falchion          |    78 |    85 ||   163
       Headbutt          |    12 |    16 ||    28
Invok: Burn Spellbooks   |       |     1 ||     1
  Use: Potion            |     4 |       ||     4
       Scroll            |     8 |       ||     8
  Eat: Chunk             |       |     4 ||     4
Armor: Animal skin       |     5 |       ||     5
       Ring mail         |    28 |    22 ||    50
Dodge: Dodged            |    66 |    47 ||   113
       Rpst.: Falchion   |    19 |    18 ||    37
